 Dungeon Crawl Stone Soup version 0.24.0-13-gcf9b3192b9 (webtiles) character file.

Game seed: 11742672615153218951, levelgen mode: deterministic

71 Amplified the Skirmisher (level 4, -7/35 HPs)
             Began as a Formicid Warper on Nov 8, 2019.
             Mangled by a white ugly thing (33 damage)
             ... on level 11 of the Dungeon.
             The game lasted 00:04:39 (2421 turns).

Amplified the Skirmisher (Formicid Warper)          Turns: 2421, Time: 00:04:39

Health: -7/35      AC: 10    Str: 17    XL:     4   Next: 47%
Magic:  7/7        EV: 10    Int: 12    God:
Gold:   125        SH:  0    Dex: 10    Spells: 7/7 levels left

rFire    + . .     SeeInvis +   n - +0 hunting sling
rCold    . . .     Gourm    .   (no shield)
rNeg     . . .     Faith    .   h - +1 scale mail
rPois    .         Spirit   .   (helmet unavailable)
rElec    .         Reflect  .   (no cloak)
rCorr    .         Harm     .   (no gloves)
MR       +....                  i - +2 pair of boots
Stlth    ..........             (no amulet)
HPRegen  0.11/turn              l - ring of protection from magic
MPRegen  0.10/turn              g - ring of protection from fire

@: no status effects
A: permanent stasis, dig shafts and tunnels, four strong arms, antennae 3
a: Dig, Shaft Self


You were on level 11 of the Dungeon.
You were not hungry.

You visited 1 branch of the dungeon, and saw 8 of its levels.

You collected 125 gold pieces.

Inventory:

Hand Weapons
 a - a +0 mace
 n - a +0 hunting sling (weapon)
Missiles
 e - 5 boomerangs of dispersal
 j - 20 poisoned darts
 m - 29 sling bullets
 o - 34 stones (quivered)
Armour
 c - a +1 pair of boots
 h - a +1 scale mail (worn)
 i - a +2 pair of boots (worn)
Magical Staves
 q - an uncursed staff of conjuration {unknown}
Jewellery
 b - a +2 ring of intelligence
 g - a ring of protection from fire (right hand)
 l - a ring of protection from magic (left hand)
 p - an uncursed ring of protection from magic
 r - an uncursed ring of fire
Scrolls
 k - a scroll of remove curse
Comestibles
 f - 6 rations


   Skills:
 * Level 3.3 Fighting
 * Level 3.0 Maces & Flails
 - Level 1.0 Throwing
 + Level 1.7 Armour
 + Level 2.3 Dodging
 - Level 2.1 Spellcasting
   Level 2.6 Translocations


You had 7 spell levels left.
You didn't know any spells.
Your spell library contained the following spells:

 Spells                   Type           Power        Failure   Level  Hunger
 Shroud of Golubria       Chrm/Tloc      #.....       63%         2    ###....
 Gell's Gravitas          Tloc           #.........   67%         3    ####...
 Lesser Beckoning         Tloc           #.........   67%         3    ####...
 Teleport Other           Tloc           #.......     67%         3    ####...
 Passage of Golubria      Tloc           N/A          97%         4    #####..
 Blink                    Tloc           Unusable     N/A         2    N/A

Dungeon Overview and Level Annotations

Branches:
Dungeon (10/15)
 Temple: D:4-7         Lair: D:8-11         Orc: D:9-12

Altars:
Okawaru
Uskayaw

Annotations:
D:3 Sigmund
D:4 Pikel
D:9 Erica


Innate Abilities, Weirdness & Mutations

You cannot be hasted, slowed, berserked, paralysed or teleported.
You can dig through walls and to a lower floor.
Your four strong arms can wield two-handed weapons with a shield.
You have a pair of large antennae on your head. (SInv)


Message History

The centaur warrior zombie hits you but does no damage.
You dig through the rock wall.
You dig through the rock wall.
The centaur warrior zombie hits you.
You dig through the rock wall.
You dig through the rock wall.
A troll comes into view.
The troll shouts!
The centaur warrior zombie hits you but does no damage.
You dig through the rock wall.
The centaur warrior zombie hits you but does no damage.
You dig through the rock wall.
The wyvern closely misses you.
The wyvern bites you but does no damage.
You dig through the rock wall.
The troll bites you but does no damage. The troll claws you.
The troll claws you but does no damage.
The centaur warrior zombie hits you but does no damage.
The troll bites you but does no damage.
The troll claws you but does no damage. x2
You dig through the rock wall.
The white ugly thing kicks you. The white ugly thing freezes you!!
Ouch! That really hurt!
You die...

#.## #.#.#.#
#(.######.#.#.#
#.....u....#.##
#.#######T.#..#
##.## ##{#..#
##.###l#.#.#
##.#T#.##.#
##u#Z###.(
##@## ##.. ###
##.


You could see a white ugly thing and a centaur warrior zombie.

Vanquished Creatures
  An ooze (D:2)
  A worm (D:2)
  4 dart slugs (D:1)
  3 giant cockroaches
  10 goblins
  4 hobgoblins
  7 jackals
  2 kobolds
  A quokka (D:2)
  4 bats
  6 frilled lizards
  8 rats
51 creatures vanquished.

Vanquished Creatures (others)
  An orc (D:9)
1 creature vanquished.

Grand Total: 52 creatures vanquished

Notes
Turn   | Place    | Note
-------+----------+-------------------------------------------
     0 | D:1      | Amplified the Formicid Warper began the quest for the Orb.
     0 | D:1      | Reached XP level 1. HP: 16/16 MP: 3/3
   222 | D:1      | Reached XP level 2. HP: 23/23 MP: 5/5
   519 | D:1      | Reached XP level 3. HP: 25/28 MP: 6/6
  1125 | D:2      | Reached XP level 4. HP: 35/35 MP: 7/7
  1146 | D:2      | Found a hide-covered altar of Uskayaw.
  1149 | D:2      | Noticed a +0 dagger
  1150 | D:2      | Noticed a +0 hand axe
  1655 | D:3      | Noticed Sigmund
  1893 | D:4      | Noticed a slave
  1893 | D:4      | Noticed a slave
  1893 | D:4      | Noticed a slave
  1893 | D:4      | Noticed Pikel
  1906 | D:4      | You fall into a shaft and drop 3 floors!
  1908 | D:7      | Noticed a yak
  1913 | D:7      | You fall into a shaft and drop 3 floors!
  1913 | D:10     | Entered Level 10 of the Dungeon
  1913 | D:10     | Noticed an ice beast
  1934 | D:10     | Noticed a sky beast
  1938 | D:9      | Found an iron altar of Okawaru.
  1950 | D:9      | Noticed Erica
  1981 | D:9      | You fall into a shaft and drop 2 floors!
  2400 | D:11     | Noticed a white ugly thing
  2400 | D:11     | Noticed a wyvern
  2402 | D:11     | Noticed a centaur warrior zombie
  2409 | D:11     | Noticed a troll
  2417 | D:11     | Noticed a troll
  2421 | D:11     | Mangled by a white ugly thing

Levels and vault maps discovered:
D:1:      dpeg_arrival_central, layout_basic
D:2:      layout_rooms, dancing_weapons_uskayaw, first_ration
D:3:      layout_basic, marbit_many_paths, uniq_sigmund, uniq_crazy_yiuf_cottage
D:4:      layout_cave_pods, minmay_temple_entry_from_below_a, uniq_pikel
D:7:      layout_basic, nicolae_ru_sacrificial_ziggurat,
          overflow_temple_1_default, zin_scriptorium, kennysheep_little_box,
          kennysheep_mini_moat, minmay_misc_feat_four_crosses, grunt_livestock,
          minivault_26, kennysheep_generic_room_14
D:9:      layout_rooms, basic_altar, uniq_erica
D:10:     layout_rooms, uniq_fannar
D:11:     layout_rooms, zombieorc2_lemuel, nicolae_gozag_zags_fifth_avenue

Skill      XL: |  1  2  3  4 |
---------------+-------------+-----
Dodging        | 2 |  2.3
Fighting       | 3 |  3.3
Maces & Flails | 3 |  3.0
Throwing       | |  1.0
Armour         | |  1.7
Spellcasting   | |  2.1
Translocations | |  2.6

Action                   |  1- 3 |  4- 6 || total
-------------------------+-------+-------++-------
Melee: Mace              |   111 |     7 ||   118
 Fire: Hunting sling     |       |    31 ||    31
 Abil: Dig               |     2 |     6 ||     8
       Shaft Self        |       |     3 ||     3
  Use: Scroll            |     7 |     2 ||     9
       Potion            |       |     1 ||     1
  Eat: Chunk             |     1 |     4 ||     5
       Ration            |       |     1 ||     1
Armor: Leather armour    |     2 |       ||     2
       Scale mail        |    61 |    23 ||    84
Dodge: Dodged            |    63 |    18 ||    81
